AoeStats
← Iguano Pop

Four Lakes

510057197Analyzed
1v1 RM · 2d ago on Sep 29, 2026· 40m 3s· 2 players
Game mode
Random Map
Map size
Tiny (2 player)
Population
200
Speed
Normal
Resources
Standard
Victory
Conquest
Starting age
Dark Age
Ending age
Imperial Age
RankedLock teamsTeams togetherTeam positionsShared explorationLock speedFull tech treeHidden civsTurbo modeCheats
Victory
Defeat
🇧🇪 Burgundians · Belgium
1337
+17
🇲🇽 Spanish · Mexico
1354
-17
Steal4Meal
10:20 Loom
10:32 Fishing Lines
12:34 Feudal Age
16:04 Castle Age
14:36 Double-Bit Axe
14:34 Horse Collar
16:01 Scale Barding Armor
16:07 Forging
17:12 Chain Barding Armor
17:05 Husbandry
17:02 Gold Mining
20:23 Gold Shaft Mining
20:02 Cavalier
22:09 Iron Casting
25:33 Town Watch
26:27 Wheelbarrow
32:27 Hand Cart
35:25 Imperial Age
34:57 Bow Saw
35:28 Fletching
35:26 Paladin
36:54 Plate Barding Armor
38:04 Blast Furnace
Iguano Pop
7:10 Loom
9:55 Feudal Age
10:59 Double-Bit Axe
12:29 Horse Collar
12:54 Fishing Lines
13:50 Forging
15:29 Scale Barding Armor
16:03 Town Watch
18:49 Castle Age
20:45 Light Cavalry
25:39 Husbandry
27:52 Bloodlines
28:04 Sanctity
30:48 Padded Archer Armor
36:40 Imperial Age
33:50 Pikeman
34:50 Bow Saw
35:05 Fletching
36:00 Wheelbarrow
35:25 Gambesons
37:20 Bodkin Arrow
Connection lost

Rejoining the realm…

Still unreachable

The connection could not be restored.

Session expired

The server has moved on; the page needs a fresh start.